 Dungeon Crawl Stone Soup version 0.17.1-3-g152610e (webtiles) character file.

164 Alarkh the Insei (level 5, 0/36 HPs)
             Began as an Octopode Transmuter on Apr 17, 2016.
             Slain by an orc
             ... wielding a +0 mace
              (6 damage)
             ... on level 3 of the Dungeon.
             The game lasted 00:05:25 (3326 turns).

Alarkh the Insei (Octopode Transmuter)              Turns: 3326, Time: 00:05:26

Health: 0/36       AC:  1    Str:  9    XL:     5   Next: 45%
Magic:  8/8        EV: 13    Int: 16    God:
Gold:   157        SH:  0    Dex: 13    Spells: 3 memorised, 0 levels left

rFire  . . .     SeeInvis .       - Unarmed
rCold  . . .     Clarity  .     (no shield)
rNeg   . . .     SustAt   .     (helmet restricted)
rPois  .         Gourm    .     (no amulet)
rElec  .         Spirit   .     (no ring)
rCorr  .         Warding  .     (no ring)
rMut   .         Stasis   .     (no ring)
MR     .....                    (no ring)
Stlth  ++........               (no ring)
                                (no ring)
                                (no ring)
                                (no ring)

@: appendage (expiring), not resistant to hostile enchantments, unstealthy
A: almost no armour, amphibious, 8 rings, constrict 8, tentacle spike 3,
camouflage 1, gelatinous body 1
a: End Transformation


You were on level 3 of the Dungeon.
You were hungry.
One of your tentacles had a temporary spike.
You visited 1 branch of the dungeon, and saw 4 of its levels.

You collected 157 gold pieces.

Inventory:

Missiles
 a - 30 arrows
 r - 4 curare-tipped needles
Scrolls
 e - a scroll of magic mapping
 g - 2 scrolls of teleportation
 h - a scroll of random uselessness {unknown}
 j - 5 scrolls of remove curse
 k - a scroll of blinking {unknown}
 m - 2 scrolls of recharging {unknown}
 o - 2 scrolls of enchant weapon {unknown}
 q - a scroll of fog {unknown}
Potions
 d - a potion of flight
 f - 4 potions of curing
 n - a potion of agility
 p - 2 potions of cancellation {unknown}
 s - a potion of brilliance {unknown}
Books
 b - a book of Changes

   Spells                             Type                      Level
   a - Beastly Appendage              Transmutation                1
   b - Sticks to Snakes               Transmutation                2
   c - Spider Form                    Transmutation/Poison         3
   d - Ice Form                       Ice/Transmutation            4
   e - Blade Hands                    Transmutation                5
Comestibles
 c - 4 bread rations
 i - a meat ration


   Skills:
 + Level 2.8 Fighting
 + Level 3.2 Dodging
 * Level 4.5 Unarmed Combat
 - Level 2.0 Spellcasting
 - Level 2.0 Transmutations


You couldn't memorise any spells.
You knew the following spells:

 Your Spells              Type           Power        Failure   Level  Hunger
a - Beastly Appendage     Trmt           #.....       10%         1    #......
b - Ice Form              Ice/Trmt       #.......     96%         4    #####..
e - Spider Form           Trmt/Pois      #.........   38%         3    ###....


Dungeon Overview and Level Annotations

Branches:
Dungeon (4/15)
 Temple: D:4-7

Altars:
Trog

Annotations:
D:4 magipi's ghost, amateur SpEn


Innate Abilities, Weirdness & Mutations

You cannot wear most types of armour.
You are amphibious.
You can wear up to eight rings at the same time.
You can use your tentacles to constrict eight enemies at once.
Your skin changes colour to match your surroundings (Stealth).
Your rubbery body absorbs attacks (AC +1).
One of your tentacles bears a large vicious spike.


Message History

You kill the orc!
Your transformation is almost over.
You barely miss the orc. Your grab misses the orc.
Your tentacle-slap misses the orc.
The orc misses you.
You tentacle-slap the orc. Your grab misses the orc.
Your squeeze misses the orc.
The orc is heavily wounded.
The orc closely misses you.
You barely miss the orc. Your grab misses the orc.
Your tentacle spike misses the orc.
Your squeeze misses the orc.
The orc is heavily wounded.
You barely miss the orc. Your grab misses the orc.
The orc is heavily wounded.
The orc barely misses you. The orc hits you with a mace!
* * * LOW HITPOINT WARNING * * *
You barely miss the orc. Your grab misses the orc.
You pierce the orc, but do no damage.
Your squeeze misses the orc.
The orc is heavily wounded.
The orc closely misses you. The orc hits you with a mace.
You die...

#....#.....# #รท.......#########
###....#.....###.......).........
.......'.......'.................
.##....#.....###.................
.#######.##### #.................
.# #.# #........#########
.#######.# #........#
.........#### #oo......#
.#######.##<####@.......#
..................>######
.#.......##.######.#
.#.......##.######.#
......(....>.......#######
#.######.##.######.....).## #.##
#.##.# #........# #..# #.##.#
#........# ...## #.##.#
#........#


You could see 2 orcs.

Vanquished Creatures
  A hound (D:4)
  5 adders
  6 worms
  An orc (D:3)
  6 giant cockroaches
  8 hobgoblins
  A quokka (D:2)
  4 ball pythons (D:1)
  10 bats
  2 giant geckos (D:2)
  4 giant newts
  6 goblins
  8 jackals
  6 kobolds
  11 rats
79 creatures vanquished.

Notes
Turn   | Place    | Note
--------------------------------------------------------------
     0 | D:1      | Alarkh the Octopode Transmuter began the quest for the Orb.
     0 | D:1      | Reached XP level 1. HP: 13/13 MP: 3/3
   168 | D:1      | Reached XP level 2. HP: 18/18 MP: 5/5
   717 | D:1      | Reached XP level 3. HP: 20/24 MP: 6/6
   725 | D:1      | Learned a level 3 spell: Spider Form
  1292 | D:2      | Reached XP level 4. HP: 16/29 MP: 3/7
  1340 | D:2      | Reached skill level 4 in Unarmed Combat
  2330 | D:2      | Found a bloodstained altar of Trog.
  2484 | D:3      | Reached XP level 5. HP: 35/35 MP: 6/8
  2969 | D:4      | Noticed magipi's ghost (amateur SpEn)
  3252 | D:3      | Learned a level 4 spell: Ice Form
  3326 | D:3      | Slain by an orc

Action                   |  1- 3 |  4- 6 || total
-------------------------+-------+-------++-------
Melee: Unarmed           |    90 |   120 ||   210
 Cast: Beastly Appendage |     1 |    14 ||    15
       Spider Form       |     4 |     2 ||     6
  Use: Scroll            |       |     6 ||     6
 Stab: Sleeping          |     6 |     1 ||     7
  Eat: Chunk             |     2 |     6 ||     8
